 Dungeon Crawl Stone Soup version 0.32-a0-673-g3729bd50f8 (webtiles) character file.

Game seed: 16510645661565794658

189 Sabo the Charlatan (level 5, -3/41 HPs)
             Began as a Coglin Artificer on Mar 10, 2024.
             Incinerated by a bombardier beetle (4 damage)
             ... with a burning spray
             ... on level 3 of the Dungeon.
             The game lasted 00:14:20 (2937 turns).

Sabo the Charlatan (Coglin Artificer)               Turns: 2937, Time: 00:14:20

Health: -3/41      AC:  8    Str: 15    XL:     5   Next: 68%
Magic:  1/1        EV:  7    Int: 10    God:
Gold:   184        SH:  0    Dex: 14    Spells: 4/4 levels left

rFire   . . .        l - +2 spear (antimagic) {Ming}
rCold   . . .        b - +2 short sword (elec) {Yuina}
rNeg    . . .        n - +0 chain mail
rPois   .            (no helmet)
rElec   .            p - scarf {repulsion}
rCorr   .            (no gloves)
SInv    .            (no boots)
Will    .....        (amulet unavailable) Stlth
                     (ring unavailable)
HPRegen 0.26/turn    (ring unavailable)
MPRegen 0.07/turn    (no gizmo)

%: repel missiles
@: on fire, glowing, revved
A: off-hand wielding, slow wielding, warmup strikes, no jewellery
a: Invent Gizmo


You were on level 3 of the Dungeon.
You visited 1 branch of the dungeon, and saw 3 of its levels.

You collected 184 gold pieces.

Inventory:

Hand Weapons
 b - a +2 short sword of electrocution (offhand) {Yuina}
 l - a +2 antimagic spear (weapon) {Ming}
Missiles
 i - 2 poisoned darts (quivered)
 r - 2 javelins
Armour
 n - a +0 chain mail (worn)
 p - a scarf of repulsion (worn)
Talismans
 g - a beast talisman
Wands
 a - a wand of paralysis (10)
 c - a wand of flame (13)
 d - a wand of charming (15)
 e - a wand of iceblast (5)
 s - a wand of acid (11)
Scrolls
 j - a scroll of fog
 q - 4 scrolls of teleportation
 t - a scroll of blinking {unknown}
Potions
 f - a potion of might {unknown}
 h - 2 potions of curing {unknown}
 k - a potion of heal wounds {unknown}
 m - a potion of attraction {unknown}
 o - a potion of enlightenment {unknown}


   Skills:
 + Level 3.0 Fighting
 + Level 0.4 Short Blades
 + Level 0.7 Maces & Flails
 + Level 2.1 Polearms
 + Level 2.3 Armour
 + Level 1.4 Dodging
 + Level 0.8 Stealth
 + Level 4.8 Evocations


You had 4 spell levels left.
You didn't know any spells.
Your spell library contained the following spells:

 Spells                   Type           Power      Damage    Failure   Level
 Cigotuvi's Dreadful Rot  Necr/Alch/Air  0%         N/A       100%        2
 Brom's Barrelling Bould  Conj/Erth      0%         2d3       100%        4
 Dispel Undead            Necr           0%         3d6       100%        4
 Martyr's Knell           Necr/Summ      0%         N/A       100%        4
 Fireball                 Conj/Fire      0%         3d3       100%        5
 Iskenderun's Battlesphe  Conj           0%         2d6       100%        5
 Conjure Ball Lightning   Conj/Air       0%         3x3d6     100%        6
 Death Channel            Necr           0%         N/A       100%        6
 Orb of Destruction       Conj           0%         9d5       100%        7


Dungeon Overview and Level Annotations

Branches:
Dungeon (3/15)

Altars:


Innate Abilities, Weirdness & Mutations

You can wield a second weapon in your off-hand.
It takes a long time for you to wield or remove held weapons.
Your first few attacks do less damage.
You cannot equip rings or amulets.


Message History

You barely miss the bombardier beetle with your +2 short sword of electrocution.
The liquid fire burns you!
The jackal bites you but does no damage. x3
The jackal bites you. The bombardier beetle bites you.
You hit the bombardier beetle but do no damage.
The bombardier beetle is moderately wounded.
You hit the bombardier beetle with your +2 short sword of electrocution.
Lightning courses through the bombardier beetle!
You kill the bombardier beetle!
The liquid fire burns you!
The jackal bites you but does no damage. x3
Your Fighting skill increases to level 3!
You miss the jackal with your +2 antimagic spear.
You hit the jackal but do no damage. The liquid fire burns you!
* * * LOW HITPOINT WARNING * * *
The jackal bites you but does no damage.
The jackal barely misses you. The jackal bites you.
* * * LOW HITPOINT WARNING * * *
The jackal bites you but does no damage.
You barely miss the jackal with your +2 short sword of electrocution.
You puncture the jackal with your +2 antimagic spear!
You kill the jackal!
The liquid fire burns you!
* * * LOW HITPOINT WARNING * * *
The jackal completely misses you.
The jackal bites you but does no damage.
The jackal barely misses you.
You hit the rat with your +2 antimagic spear.
The rat is heavily wounded.
You barely miss the rat with your +2 short sword of electrocution.
The liquid fire burns you!
* * * LOW HITPOINT WARNING * * *
The jackal bites you but does no damage. x2
The rat bites you.
* * * LOW HITPOINT WARNING * * *
You hit the rat with your +2 antimagic spear.
You kill the rat!
The liquid fire burns you!
You die...

######## #######
#########.......
.......##.............##
#......................
..###†@h.........#.....
#h†#.##............
.....#.#(............
#.##.[.#.#.............
#...?................
#....#.#.........#.#.
.....#.............#.
.#!.#.### #........=..
.....##.###.


You could see 2 jackals.

Vanquished Creatures
  A bombardier beetle (D:3)
  Ijyb (D:3)
  Natasha (twice) (D:2)
  3 adders (D:2)
  An endoplasm (D:2)
  A giant cockroach (D:1)
  5 goblins
  7 hobgoblins
  4 jackals (D:3)
  5 quokkas
  5 ball pythons
  8 bats
  3 frilled lizards
  4 kobolds
  5 rats
55 creatures vanquished.

Notes
Turn   | Place    | Note
-------+----------+-------------------------------------------
     0 | D:1      | Sabo the Coglin Artificer began the quest for the Orb.
     0 | D:1      | Reached XP level 1. HP: 15/15 MP: 1/1
   152 | D:1      | Reached skill level 1 in Dodging
   221 | D:1      | Reached XP level 2. HP: 21/21 MP: 2/2
  1027 | D:1      | Reached XP level 3. HP: 20/26 MP: 3/3
  1462 | D:2      | Found a faded altar of an unknown god.
  1500 | D:2      | Noticed Natasha
  1507 | D:2      | HP: 1/26 [Natasha/magic dart (9)]
  1509 | D:2      | Killed Natasha
  1510 | D:2      | Reached XP level 4. HP: 1/33 MP: 1/4
  2149 | D:2      | Noticed Natasha
  2159 | D:2      | Killed Natasha
  2160 | D:2      | Reached skill level 1 in Polearms
  2163 | D:2      | Reached XP level 5. HP: 20/38 MP: 1/5
  2821 | D:3      | Noticed Ijyb
  2832 | D:3      | Killed Ijyb
  2936 | D:3      | HP: 1/41 [rat (2)]
  2937 | D:3      | Incinerated by a bombardier beetle

Illustrated notes

Levels and vault maps discovered:
D:1:      evilmike_arrival_hilbert_curve, layout_basic, st_stairs_5,
          hangedman_decor_clover_reticule
D:2:      layout_basic, ebering_ecumenical_altar_webs, minmay_gold_behind_fungi,
          uniq_natasha
D:3:      layout_loops_ring, minmay_misc_feat_columns,
          chequers_serial_rivers_large_a, uniq_crazy_yiuf_cottage, uniq_ijyb

Skill      XL: |  1  2  3  4  5 |
---------------+----------------+-----
Dodging        | 1 |  1.4
Armour         | 2 |  2.3
Fighting       | 2 3 |  3.0
Polearms       | 1 2 |  2.1
Short Blades   | |  0.4
Maces & Flails | |  0.7
Stealth        | |  0.8
Evocations     | |  4.8

Action                     |  1- 3 |  4- 6 || total
---------------------------+-------+-------++-------
  Melee: Club              |    62 |       ||    62
         Dagger            |    52 |       ||    52
         Spear             |    47 |   107 ||   154
         Short sword       |       |    20 ||    20
  Evoke: Wand              |     2 |       ||     2
    Use: Scroll            |       |     3 ||     3
 Armour: Leather armour    |    82 |       ||    82
         Chain mail        |     5 |    83 ||    88
  Dodge: Dodged            |    57 |    30 ||    87
         Repelled          |       |     3 ||     3

Table legend: (Time is in decaauts)
 A = Elapsed time spent in this place.
 B = Non-inter-level travel time spent in this place.
 C = Inter-level travel time spent in this place.
 D = Time resting spent in this place.
 E = Time spent auto-exploring this place.
 F = Levels seen in this place.
 G = Mean time per level.
                   A        B        C        D        E       F      G
               +--------+--------+--------+--------+--------+-----+--------+
         Total |   2950 |   2950 |      0 |    568 |      0 |   3 |  983.3 |
       Dungeon |   2950 |   2950 |      0 |    568 |      0 |   3 |  983.3 |
               +--------+--------+--------+--------+--------+-----+--------+

Top non-repeatable levels by time:
     D:2: 1322 daAuts
     D:1: 1208 daAuts
     D:3: 419 daAuts
